 Dungeon Crawl Stone Soup version 0.19-a0-1097-g38e3b35 (webtiles) character file.

259 HaroldButt the Twirler (level 6, 0/47 HPs)
             Began as a Formicid Fighter on Aug 8, 2016.
             Succumbed to a scorpion's poison
             ... on level 4 of the Dungeon.
             The game lasted 00:08:30 (2410 turns).

HaroldButt the Twirler (Formicid Fighter)           Turns: 2410, Time: 00:08:30

Health: 0/47       AC: 12    Str: 28    XL:     6   Next: 40%
Magic:  6/6        EV:  7    Int: 12    God:
Gold:   122        SH:  0    Dex: 10    Spells: 0 memorised, 5 levels left

rFire  . . .     SeeInvis +     a - +1 quarterstaff
rCold  . . .     Gourm    .     q - +0 plate armour
rNeg   + . .     Faith    .     (no shield)
rPois  .         Spirit   .     (helmet unavailable)
rElec  .         Dismiss  .     (no cloak)
rCorr  .         Reflect  .     u - +0 pair of gloves
SustAt .         Harm     .     (no boots)
MR     .....                    b - amulet of inaccuracy (curse)
Stlth  ..........               (no ring)
                                r - ring of positive energy

@: mighty, brilliant, lethally poisoned (0 -> -8), flying
A: permanent stasis, dig shafts and tunnels, four strong arms, antennae 3
a: Dig, Shaft Self


You were on level 4 of the Dungeon.
You were not hungry.

You visited 1 branch of the dungeon, and saw 4 of its levels.

You collected 122 gold pieces.

Inventory:

Hand Weapons
 a - a +1 quarterstaff (weapon)
 w - a +0 blowgun
Missiles
 l - 131 stones (quivered)
 m - 35 poisoned needles
Armour
 c - a +0 shield
 q - a +0 plate armour (worn)
 u - a +0 pair of gloves (worn)
Jewellery
 b - a cursed amulet of inaccuracy (around neck)
 r - a ring of positive energy (left hand)
Wands
 e - a wand of slowing (23/48)
Scrolls
 j - a scroll of fog
 n - a scroll of recharging
 o - a scroll of blinking {unknown}
 x - a scroll of enchant weapon
Potions
 t - a potion of haste
Comestibles
 f - 3 bread rations
 g - 6 fruits
 h - a slice of pizza
 i - a royal jelly
 s - a meat ration
 v - a beef jerky


   Skills:
 - Level 3.2 Fighting
 + Level 6.3 Staves
 - Level 3.2 Armour
 - Level 3.6 Shields


You had 5 spell levels left.
You didn't know any spells.

Dungeon Overview and Level Annotations

Branches:
Dungeon (4/15)
 Temple: D:4-7

Altars:


Innate Abilities, Weirdness & Mutations

You are under a permanent stasis effect.
You can dig through walls and to a lower floor.
Your four strong arms can wield two-handed weapons with a shield.
You have a pair of large antennae on your head. (SInv)


Message History

* * * LOW HITPOINT WARNING * * *
You feel sick.
The scorpion stings you but does no damage.
It was a potion of brilliance.
You feel clever all of a sudden.
* * * LOW HITPOINT WARNING * * *
You feel sick. The scorpion stings you.
* * * LOW HITPOINT WARNING * * *
It was a potion of flight.
You feel very buoyant.
You fly up into the air.
* * * LOW HITPOINT WARNING * * *
You feel sick. The scorpion barely misses you.
You feel very mighty all of a sudden.
* * * LOW HITPOINT WARNING * * *
You feel sick.
The scorpion stings you but does no damage.
You thump the scorpion!
The scorpion is almost dead.
You die...

.......<.#.# ...
.........#.# ###..
#.####.....# #....
........### #...Z
##.##.#.# #....
#.##.#.###### #...$
#.##........#
#....####.####.####.#
#....s@........#
#.#..####..........(.
#.. #.#########.# #..
#.# #.. #.# ... #..
###. ### ..


You could see a scorpion.

Vanquished Creatures
  An orc wizard (D:3)
  Ijyb (D:2)
  Robin (D:2)
  6 adders
  3 oozes
  An adder skeleton (D:4)
  3 worms
  2 dart slugs
  2 giant geckos
  5 orcs
  3 giant cockroaches
  18 goblins
  8 hobgoblins
  13 jackals
  2 quokkas (D:3)
  4 ball pythons
  10 bats
  5 giant newts
  5 kobolds
  9 rats
102 creatures vanquished.

Notes
Turn   | Place    | Note
-------+----------+-------------------------------------------
     0 | D:1      | HaroldButt the Formicid Fighter began the quest for the Orb.
     0 | D:1      | Reached XP level 1. HP: 18/18 MP: 1/1
   135 | D:1      | Reached XP level 2. HP: 21/24 MP: 2/2
   178 | D:1      | Reached skill level 3 in Staves
   280 | D:1      | Reached XP level 3. HP: 22/29 MP: 3/3
   650 | D:2      | Noticed Robin
   662 | D:2      | Killed Robin
   662 | D:2      | Reached skill level 4 in Staves
   662 | D:2      | Reached XP level 4. HP: 22/35 MP: 4/4
  1064 | D:2      | Noticed Ijyb
  1070 | D:2      | Reached XP level 5. HP: 41/41 MP: 5/5
  1080 | D:2      | Killed Ijyb
  1080 | D:2      | Reached skill level 5 in Staves
  1460 | D:3      | Reached XP level 6. HP: 10/47 MP: 6/6
  1464 | D:3      | HP: 2/47 [orc/war axe (8)]
  1723 | D:3      | Reached skill level 6 in Staves
  2408 | D:4      | HP: 2/47 [poisoned by a scorpion]
  2410 | D:4      | Succumbed to a scorpion's poison

Vault maps used:
D:1:      sevenhm_arrival_forest_fort_large_1
D:2:      kennysheep_the_goblin_king, uniq_robin
D:3:      first_bread
D:4:      kennysheep_generic_room_13, uniq_menkaure

Skill      XL: |  1  2  3  4  5  6 |
---------------+-------------------+-----
Staves         | 3 4 5 6 |  6.3
Fighting       | |  3.2
Armour         | |  3.2
Shields        | |  3.6

Action                   |  1- 3 |  4- 6 || total
-------------------------+-------+-------++-------
Melee: Quarterstaff      |   112 |   336 ||   448
 Abil: Dig               |     1 |     1 ||     2
  Use: Scroll            |       |     9 ||     9
       Potion            |       |     5 ||     5
  Eat: Chunk             |       |     6 ||     6
Armor: Scale mail        |     7 |       ||     7
       Ring mail         |    40 |    29 ||    69
       Chain mail        |       |   112 ||   112
       Plate armour      |       |    71 ||    71
Dodge: Dodged            |    90 |   113 ||   203
